 Dungeon Crawl Stone Soup version 0.17.0-28-g6e173f8 (console) character file.

1550 Kloppie the Cutter (level 8, 0/46 HPs)
             Began as a Vine Stalker Fighter on Nov 30, 2015.
             Succumbed to an orc warrior's poison
             ... on level 7 of the Dungeon.
             The game lasted 00:09:05 (4793 turns).

Kloppie the Cutter (Vine Stalker Fighter)           Turns: 4793, Time: 00:09:05

Health: 0/46       AC: 11    Str: 20    XL:     8   Next: 88%
Magic:  0/9        EV:  9    Int:  8    God:
Gold:   350        SH:  7    Dex: 15    Spells: 0 memorised, 7 levels left

rFire  . . .     SeeInvis .     a - +0 rapier
rCold  . . .     Clarity  .     b - +0 scale mail
rNeg   . . .     SustAt   .     r - +2 buckler
rPois  .         Gourm    .     (no helmet)
rElec  .         Spirit   +     f - +0 cloak
rCorr  .         Warding  .     (no gloves)
rMut   .         Stasis   .     F - +1 pair of boots
MR     ++...                    u - amulet of regeneration
Stlth  ..........               K - ring of protection from magic
                                y - +1 ring of protection

@: lethally poisoned (0 -> -18), very resistant to hostile enchantments,
extremely unstealthy
A: fangs 3, regeneration 2, magic shield, antimagic bite, no device heal 3, rot
immunity
a: no special abilities


You were on level 7 of the Dungeon.
You were hungry.

You visited 1 branch of the dungeon, and saw 7 of its levels.

You collected 350 gold pieces.

Inventory:

Hand Weapons
 a - a +0 rapier (weapon)
Armour
 b - a +0 scale mail (worn)
 c - a +0 shield
 f - a +0 cloak (worn)
 r - a +2 buckler (worn)
 F - a +1 pair of boots (worn)
 J - a +0 plate armour
Jewellery
 t - an uncursed ring of teleportation
 u - an amulet of regeneration (around neck)
 y - a +1 ring of protection (left hand)
 H - an uncursed ring of ice
 K - a ring of protection from magic (right hand)
Wands
 x - a wand of polymorph (11)
Scrolls
 h - a scroll of identify
 o - a scroll of teleportation
 p - a scroll of remove curse
 w - a scroll of enchant weapon {unknown}
 z - a scroll of amnesia {unknown}
 A - 2 scrolls of recharging {unknown}
 B - 2 scrolls of fog {unknown}
 D - 3 scrolls of magic mapping {unknown}
Potions
 d - a potion of might
 i - a potion of brilliance
 j - 2 potions of haste
 k - 3 potions of flight
 l - a potion of beneficial mutation {unknown}
 q - a potion of agility
 s - 2 potions of invisibility
 v - 4 potions of curing
 G - a potion of degeneration
Comestibles
 e - 3 bread rations
 g - 5 fruits
 m - 5 meat rations
 n - a royal jelly
 E - a slice of pizza
 I - a beef jerky


   Skills:
 - Level 7.0 Fighting
 - Level 7.0 Short Blades
 + Level 3.8 Armour
 - Level 2.6 Shields


You had 7 spell levels left.
You didn't know any spells.

Dungeon Overview and Level Annotations

Branches:
Dungeon (7/15)
 Temple: D:4-7

Altars:
Cheibriados
Fedhas
Gozag
Kikubaaqudgha
Qazlal
Xom
The Shining One


Innate Abilities, Weirdness & Mutations

You have razor-sharp teeth.
You heal very quickly.
When hurt, damage is shared between your health and your magic reserves.
Your bite disrupts and absorbs the magic of your enemies.
Potions and wands cannot restore your health.
You are immune to rotting.


Message History

Your shield and scale mail prevent you from hitting the orc.
You bite the orc. You drain its power.
You feel invigorated.
You kill the orc!
You feel sick.
You feel sick. The orc warrior barely misses you.
Things that are here:
a vampiric short sword; an orc corpse; an orc corpse You closely miss the orc warrior.
The orc warrior is moderately wounded.
You feel sick. The orc warrior closely misses you.
Your scale mail prevents you from hitting the orc warrior.
The orc warrior is moderately wounded.
You feel sick.
The orc warrior hits you with a war axe of venom!
* * * LOW HITPOINT WARNING * * *
You are more poisoned.
You hit the orc warrior but do no damage.
Your bite misses the orc warrior.
The orc warrior is moderately wounded.
You die...

#. ##...†..### #. #..
#>.|......########
#...#####.........##.....#
[.......<.........##.....#
.......o...........†.....#
>...o...........##.#.....#
#...#####.##.#..##.#.....#
#.. #o......##.####### .
#@##.##.##.# #.##.##.##.#
##### #..........###....
#######.#......###
#.#.####(### #.#.#.)....#
#.....##.#.. ###.#....#.#
#......#.#


You could see an orc warrior.

Vanquished Creatures
  An orc warrior (D:5)
  2 ogres
  An ice beast (D:5)
  4 centaurs
  2 sky beasts (D:5)
  2 giant frogs
  A scorpion (D:4)
  A hound (D:6)
  A quasit (D:5)
  A giant frog zombie (D:5)
  2 giant frog skeletons (D:5)
  Jessica (D:3)
  An iguana (D:7)
  4 worker ants
  9 adders
  4 gnolls (D:5)
  A shadow imp (D:5)
  2 adder skeletons
  An adder zombie (D:6)
  5 worms
  4 giant geckos
  13 orcs
  5 bats
  5 giant cockroaches
  4 hobgoblins
  16 jackals
  7 kobolds
  7 giant newts
  11 goblins
  3 quokkas
  3 rats
124 creatures vanquished.

Notes
Turn   | Place    | Note
--------------------------------------------------------------
     0 | D:1      | Kloppie the Vine Stalker Fighter began the quest for the Orb.
     0 | D:1      | Reached XP level 1. HP: 11/11 MP: 2/2
    64 | D:1      | Reached XP level 2. HP: 16/16 MP: 3/3
   495 | D:1      | Reached skill level 3 in Short Blades
   504 | D:1      | Reached XP level 3. HP: 17/19 MP: 2/4
  1035 | D:2      | Reached XP level 4. HP: 15/23 MP: 3/5
  1320 | D:2      | Reached skill level 4 in Short Blades
  1389 | D:2      | Found a shimmering altar of Xom.
  1726 | D:3      | Found a faded altar to an unknown god.
  2062 | D:3      | Noticed Jessica
  2074 | D:3      | Killed Jessica
  2074 | D:3      | Reached XP level 5. HP: 18/27 MP: 6/6
  2376 | D:4      | Reached skill level 5 in Short Blades
  2547 | D:4      | Gained mutation: You heal very quickly. [Vine Stalker growth]
  2547 | D:4      | Reached XP level 6. HP: 28/32 MP: 7/7
  2808 | D:4      | Found a glowing golden altar of the Shining One.
  2824 | D:4      | Noticed an ogre
  2833 | D:4      | HP: 1/32 [poisoned by an adder]
  2838 | D:4      | HP: 1/32 [poisoned by an adder]
  2912 | D:4      | Killed an ogre
  2912 | D:4      | Reached skill level 6 in Short Blades
  3055 | D:4      | Found an opulent altar of Gozag.
  3055 | D:4      | Found an ancient bone altar of Kikubaaqudgha.
  3328 | D:5      | Entered Level 5 of the Dungeon
  3585 | D:5      | Reached XP level 7. HP: 26/35 MP: 8/8
  3630 | D:5      | Reached skill level 7 in Short Blades
  3745 | D:5      | Found a blossoming altar of Fedhas.
  3754 | D:5      | Found a stormy altar of Qazlal.
  4026 | D:5      | Reached skill level 5 in Fighting
  4026 | D:5      | Gained mutation: You have razor-sharp teeth. [Vine Stalker growth]
  4026 | D:5      | Reached XP level 8. HP: 25/43 MP: 9/9
  4372 | D:6      | Found a snail-covered altar of Cheibriados.
  4792 | D:7      | HP: 1/46 [orc warrior/war axe of venom (8)]
  4793 | D:7      | Succumbed to an orc warrior's poison

Action                   |  1- 3 |  4- 6 |  7- 9 || total
-------------------------+-------+-------+-------++-------
Melee: Rapier            |   142 |   219 |   211 ||   572
  Use: Scroll            |       |     9 |       ||     9
  Eat: Chunk             |       |     8 |     5 ||    13
